 Dungeon Crawl Stone Soup version 0.25.1-1-g288607f5aa (webtiles) character file.

Game seed: 3199717323955019133

(classic levelgen) 3067 EnegeticOcto the Cleaver (level 9, -20/74 HPs)
             Began as a Deep Dwarf Fighter on July 18, 2020.
             Was a Believer of Makhleb.
             Demolished by a komodo dragon (21 damage)
             ... on level 1 of the Lair of Beasts on July 24, 2020.
             The game lasted 00:06:51 (966 turns).

EnegeticOcto the Cleaver (Deep Dwarf Fighter)        Turns: 966, Time: 00:06:52

Health: -20/74     AC: 12    Str: 23    XL:     9   Next: 58%
Magic:  2/2        EV:  4    Int:  9    God:    Makhleb [**....]
Gold:   90         SH:  9    Dex: 12    Spells: 8/8 levels left

rFire    . . .     SeeInvis .   a - +0 war axe
rCold    . . .     Gourm    .   c - +0 kite shield
rNeg     . . .     Faith    .   b - +0 plate armour
rPois    .         Spirit   .   (no helmet)
rElec    .         Reflect  .   g - scarf {harm}
rCorr    .         Harm     +   f - +0 pair of gloves
MR       +....                  (no boots)
Stlth    ..........             (no amulet)
HPRegen  0.00/turn              m - ring of flight
MPRegen  0.08/turn              (no ring)

@: mighty, lethally poisoned (-20 -> -52), non-regenerating
A: damage resistance, heal wounds, sense surroundings 2, no regeneration
a: Heal Wounds, Minor Destruction, Renounce Religion, Evoke Flight


You were on level 1 of the Lair of Beasts.
You worshipped Makhleb.
Makhleb was pleased with you.
You were not hungry.

You visited 2 branches of the dungeon, and saw 10 of its levels.

You collected 90 gold pieces.

Inventory:

Hand Weapons
 a - a +0 war axe (weapon)
Armour
 b - a +0 plate armour (worn)
 c - a +0 kite shield (worn)
 f - a +0 pair of gloves (worn)
 g - a scarf of harm (worn)
 l - a +0 chain mail
Jewellery
 m - a ring of flight (left hand)
Scrolls
 j - 2 scrolls of remove curse {@r2}
Potions
 d - a potion of might {@q3 !q}
 h - 3 potions of heal wounds {@q2 !q}
 i - a potion of stabbing {unknown}
 n - a potion of haste {unknown}
 o - a potion of cancellation {unknown}
 p - a potion of flight {unknown}
 q - a potion of curing {unknown}
Comestibles
 e - 3 rations


   Skills:
 - Level 2.6 Fighting
 * Level 13.4 Axes
 - Level 3.2 Armour
 - Level 3.2 Shields
 - Level 6.0 Invocations


You had 8 spell levels left.
You didn't know any spells.
Your spell library was empty.

Dungeon Overview and Level Annotations

Branches:
Dungeon (8/15)               Lair (2/6) D:8
 Temple: D:4-7        Swamp: Lair:2-4    Shoals: Lair:2-4     Snake: Lair:2-4
 Spider: Lair:2-4

Altars:
Gozag
Kikubaaqudgha
Makhleb
Sif Muna

Annotations:
Lair:1 Prince Ribbit


Innate Abilities, Weirdness & Mutations

You are resistant to damage.
You can heal yourself by infusing magical energy.
You passively map the area around you.
You do not regenerate.


Message History

The wolf bites you but does no damage. x4; The wolf barely misses you.
You hit the komodo dragon.
The komodo dragon is moderately wounded.
You miss the wolf. You hit the wolf but do no damage.
You closely miss the wolf.
Your plate armour prevents you from hitting the wolf.
You hit the wolf. The wolf bites you. You block the wolf's attack.
The wolf bites you. The wolf bites you but does no damage.
You block the wolf's attack.
The wolf pauses to sniff the ground.
You block the komodo dragon's attack. The wolf bites you.
The wolf bites you but does no damage. The wolf bites you.
The wolf bites you but does no damage. You block the wolf's attack.
The blink frog blinks!
Your plate armour prevents you from hitting the komodo dragon.
The komodo dragon is moderately wounded.
You hit the wolf. x3; You miss the wolf.
You slash the wolf! The wolf bites you.
The wolf barely misses you. x2; The wolf bites you.
The komodo dragon bites you!! You block the wolf's attack. The wolf bites you.
The wolf bites you but does no damage. The wolf barely misses you.
You slash the komodo dragon!
The komodo dragon is severely wounded.
You slash the wolf!
You kill the wolf!
Makhleb accepts your kill.
You feel better.
Your shield and plate armour prevent you from hitting the wolf. x2
You closely miss the wolf. You slash the wolf! You block the wolf's attack.
The wolf bites you but does no damage. The komodo dragon bites you.
You block the wolf's attack. The wolf bites you but does no damage.
The wolf barely misses you. You block the wolf's attack.
You feel much better. The wolf barely misses you. You block the wolf's attack.
The spiny frog completely misses you. The wolf barely misses you.
The wolf bites you.
The komodo dragon hisses menacingly.
The komodo dragon bites you! The wolf bites you. You block the wolf's attack.
The wolf bites you but does no damage. The spiny frog stings you!
You slash the spiny frog!
The spiny frog is heavily wounded.
You closely miss the komodo dragon. You closely miss the wolf.
Your plate armour prevents you from hitting the wolf.
You miss the wolf. You slash the wolf!
You kill the wolf!
Makhleb accepts your kill. You block the wolf's attack.
The wolf barely misses you. The wolf bites you but does no damage.
You block the wolf's attack. The komodo dragon bites you!!
The blink frog blinks!
The spiny frog stings you.
You slash the spiny frog!
The spiny frog is almost dead.
You slash the wolf!
You kill the wolf!
Makhleb accepts your kill.
You can now harness Makhleb's destructive might.
You barely miss the wolf. You hit the wolf. You hit the komodo dragon.
You block the wolf's attack. The wolf bites you but does no damage.
You block the wolf's attack. The komodo dragon bites you!
* * * LOW HITPOINT WARNING * * *
The spiny frog barely misses you. The wolf bites you but does no damage.
You fail to use your ability.
The blink frog blinks!
The wolf bites you but does no damage. You block the wolf's attack.
The spiny frog stings you!
* * * LOW HITPOINT WARNING * * *
You block the komodo dragon's attack. The wolf bites you.
Your magical essence is drained by the effort!
You feel much better. The wolf bites you but does no damage.
The wolf barely misses you.
The spiny frog stings you but does no damage.
You block the wolf's attack. The komodo dragon bites you.
You feel much better. The wolf bites you!
The wolf bites you but does no damage. The spiny frog stings you!
The wolf bites you. You block the komodo dragon's attack.
You block the wolf's attack.
Your plate armour prevents you from hitting the spiny frog.
The spiny frog is almost dead.
You hit the komodo dragon.
Your plate armour prevents you from hitting the wolf.
You miss the wolf. You block the wolf's attack. The spiny frog stings you!
* * * LOW HITPOINT WARNING * * *
The wolf bites you.
* * * LOW HITPOINT WARNING * * *
You block the komodo dragon's attack.
You feel much better. The wolf bites you but does no damage.
The wolf stops to sniff the ground.
The wolf bites you but does no damage. The spiny frog stings you!
You are poisoned.
The spiny frog poisons you! You block the wolf's attack.
The blink frog hits you.
The blink frog blinks!
The komodo dragon bites you!!
* * * LOW HITPOINT WARNING * * *
You block the wolf's attack. The spiny frog stings you.
You are lethally poisoned!
The spiny frog poisons you!
You feel much better.
You feel very sick. The wolf bites you.
* * * LOW HITPOINT WARNING * * *
You block the wolf's attack. x2; The spiny frog stings you!
* * * LOW HITPOINT WARNING * * *
You are more poisoned.
The spiny frog poisons you! The komodo dragon bites you!!
You die...

......................
..................... ,
..)................. ,
..##.##..###...##..####.,
.#.........#.%.#......P.
#.........#...#........
#.........#..h#......#.,
#......>....hhhlF......,
#..(......#...#@.....# ,
###+#######hhh#h§....# *
,.....hhhhh#....F.# ,*
,,, .....hhhh.#.....#.. ,
,...♣%h.h........... ,
......♣............ ,
,...lh.♣............
.l.............?...,*
.....,..♣......


You could see a komodo dragon, a spiny frog, a blink frog and 5 wolves.

Vanquished Creatures
  3 wargs (D:8)
  An orc warrior (D:7)
  2 ogres
  19 wolves (Lair:1)
  3 bullfrogs (D:7)
  A scorpion (D:8)
  A crimson imp (D:2)
  A hound (D:7)
  A gnoll shaman (D:4)
  2 jellies
  An orc priest (D:8)
  6 orc wizards
  2 iguanas
  4 worker ants
  9 gnolls (D:4)
  2 adders
  2 oozes (D:2)
  2 worms
  A dart slug (D:2)
  A leopard gecko (D:3)
  8 orcs
  A bat zombie (D:2)
  2 giant cockroaches
  4 hobgoblins
  3 jackals
  A quokka (D:7)
  2 bats
  A frilled lizard (D:2)
  A leopard gecko skeleton (D:3)
  3 rats
90 creatures vanquished.

Vanquished Creatures (others)
  A plant (Lair:1)
1 creature vanquished.

Grand Total: 91 creatures vanquished

Notes
Turn   | Place    | Note
-------+----------+-------------------------------------------
     0 | D:1      | EnegeticOcto the Deep Dwarf Fighter began the quest for the
                  | Orb.
     0 | D:1      | Reached XP level 1. HP: 20/20 MP: 1/1
    99 | D:2      | Reached skill level 3 in Axes
    99 | D:2      | Reached XP level 2. HP: 27/27 MP: 2/2
   155 | D:2      | Found an ancient bone altar of Kikubaaqudgha.
   155 | D:2      | Noticed a crimson imp
   170 | D:2      | Killed a crimson imp
   170 | D:2      | Reached skill level 4 in Axes
   170 | D:2      | Reached XP level 3. HP: 28/33 MP: 3/3
   227 | D:3      | Reached skill level 5 in Axes
   227 | D:3      | Reached XP level 4. HP: 30/40 MP: 4/4
   230 | D:3      | Your magical essence is drained by the effort!
   241 | D:3      | Reached skill level 6 in Axes
   241 | D:3      | Reached XP level 5. HP: 28/46 MP: 4/4
   324 | D:4      | Noticed an ogre
   336 | D:4      | Your magical essence is drained by the effort!
   347 | D:4      | Your magical essence is drained by the effort!
   348 | D:4      | Killed an ogre
   348 | D:4      | Reached skill level 7 in Axes
   348 | D:4      | Reached XP level 6. HP: 29/55 MP: 3/3
   371 | D:4      | Found a burning altar of Makhleb.
   371 | D:4      | Found a shimmering blue altar of Sif Muna.
   374 | D:4      | Became a worshipper of Makhleb the Destroyer
   407 | D:5      | Entered Level 5 of the Dungeon
   483 | D:6      | Found an opulent altar of Gozag.
   489 | D:6      | Reached skill level 1 in Invocations
   603 | D:7      | Reached skill level 8 in Axes
   603 | D:7      | Reached skill level 2 in Invocations
   606 | D:7      | Reached XP level 7. HP: 46/61 MP: 5/5
   622 | D:7      | Your magical essence is drained by the effort!
   628 | D:7      | Reached skill level 3 in Invocations
   734 | D:7      | Your magical essence is drained by the effort!
   751 | D:7      | HP: 1/61 [orc warrior/+0 hand axe (17)]
   752 | D:7      | Your magical essence is drained by the effort!
   753 | D:7      | Your magical essence is drained by the effort!
   754 | D:7      | Reached skill level 9 in Axes
   764 | D:7      | Reached skill level 4 in Invocations
   805 | D:8      | Reached XP level 8. HP: 56/68 MP: 4/4
   824 | D:8      | Reached * piety under Makhleb
   827 | D:8      | Reached skill level 5 in Invocations
   832 | D:8      | Your magical essence is drained by the effort!
   834 | D:8      | Reached skill level 10 in Axes
   836 | D:8      | Your magical essence is drained by the effort!
   845 | D:8      | Reached skill level 6 in Invocations
   847 | D:8      | Found a staircase to the Lair.
   859 | Lair:1   | Entered Level 1 of the Lair of Beasts
   886 | Lair:2   | Noticed a five-headed hydra
   900 | Lair:1   | Your magical essence is drained by the effort!
   904 | Lair:1   | Noticed a komodo dragon
   909 | Lair:1   | Noticed Prince Ribbit
   909 | Lair:1   | Noticed a blink frog
   910 | Lair:1   | Noticed a blink frog
   918 | Lair:1   | Noticed a spiny frog
   925 | Lair:1   | Reached skill level 11 in Axes
   933 | Lair:1   | Gained mutation: You passively map the area around you.
                  | [Deep Dwarf growth]
   933 | Lair:1   | Reached XP level 9. HP: 41/74 MP: 3/3
   942 | Lair:1   | Reached skill level 12 in Axes
   952 | Lair:1   | Reached skill level 13 in Axes
   960 | Lair:1   | Reached ** piety under Makhleb
   962 | Lair:1   | Your magical essence is drained by the effort!
   966 | Lair:1   | HP: 1/74 [spiny frog (18)]
   966 | Lair:1   | Demolished by a komodo dragon

Illustrated notes

Levels and vault maps discovered:
D:1:      lightli_iron_boxes, layout_basic, serial_rivers,
          chequers_serial_rivers_room_b, chequers_serial_rivers_micro_c,
          chequers_serial_rivers_micro_e, chequers_serial_rivers_micro_d
D:2:      layout_loops_ring, lemuel_round_altar,
          lemuel_zombie_altar_yredelemnul, minmay_small_reverse_x
D:3:      layout_rooms, dk_vineyard_2
D:4:      layout_basic, gammafunk_temple_overflow_elements,
          grunt_dithmenos_smoke, uniq_menkaure
D:5:      layout_basic, first_ration
D:6:      layout_basic, nicolae_gozag_seed_capital, evilmike_ruin_ashenzari
D:7:      layout_basic, chequers_temple_overflow_statue_of_worship,
          marbit_many_paths, minmay_temple_entry_enclosed_plants
D:8:      layout_basic, elyvilon_altar_5, gammafunk_temple_overflow_wave,
          erik_lair_orcish_takeover
Lair:1:   layout_regular_city, basic_altar, grunt_forest_large_clearings,
          uniq_grum, uniq_prince_ribbit2
Lair:2:   layout_regular_city

Skill      XL: |  1  2  3  4  5  6  7  8  9 |
---------------+----------------------------+-----
Axes           | 3 4 5 6 7 8 9 11 13 | 13.4
Invocations    | 2 4 6 |  6.0
Fighting       | |  2.6
Armour         | |  3.2
Shields        | |  3.2

Action                   |  1- 3 |  4- 6 |  7- 9 || total
-------------------------+-------+-------+-------++-------
Melee: War axe           |    56 |    94 |   143 ||   293
 Abil: Heal Wounds       |     1 |    11 |    30 ||    42
  Use: Scroll            |     2 |       |     3 ||     5
       Potion            |       |       |     1 ||     1
  Eat: Ration            |       |       |     1 ||     1
Armor: Scale mail        |    49 |    35 |       ||    84
       Chain mail        |       |    42 |    49 ||    91
       Plate armour      |       |       |   247 ||   247
Dodge: Dodged            |    36 |    33 |   115 ||   184
Block: Kite shield       |    51 |    92 |   230 ||   373
